 Dungeon Crawl Stone Soup version 0.20.1-1-g8b1a95d (webtiles) character file.

3166 gobwax the Arsonist (level 9, -6/51 HPs)
             Began as an Octopode Fire Elementalist on Aug 21, 2017.
             Was a Believer of Vehumet.
             Mangled by a big kobold (9 damage)
             ... on level 8 of the Dungeon.
             The game lasted 00:23:06 (9249 turns).

gobwax the Arsonist (Octopode Fire Elementalist)    Turns: 9249, Time: 00:23:07

Health: -6/51      AC:  2    Str:  7    XL:     9   Next: 94%
Magic:  1/18       EV: 13    Int: 24    God:    Vehumet [**....]
Gold:   529        SH:  0    Dex: 12    Spells: 3/20 levels left

rFire    . . .     SeeInvis .   l - +1 trident (venom)
rCold    . . .     Gourm    .   (no shield)
rNeg     + . .     Faith    .   D - +1 hat
rPois    .         Spirit   .   (no amulet)
rElec    .         Reflect  .   k - ring of wizardry
rCorr    +         Harm     .   q - ring of positive energy
MR       .....                  x - ring of resist corrosion
Stlth    +++.......             G - +3 ring of intelligence
Regen    0.2/turn               (no ring)
MPRegen  0.2/turn               (no ring)
                                (no ring)
                                (no ring)

@: about to teleport
A: almost no armour, stealthy swim, amphibious, 8 rings, constrict 8, camouflage
1, gelatinous body 1
a: Renounce Religion


You were on level 8 of the Dungeon.
You worshipped Vehumet.
Vehumet was pleased with you.
You were not hungry.

You visited 2 branches of the dungeon, and saw 9 of its levels.

You collected 579 gold pieces.
You spent 50 gold pieces at shops.

Inventory:

Hand Weapons
 l - a +1 trident of venom (weapon)
 n - a +0 blowgun
Missiles
 p - 43 poisoned needles
Armour
 D - a +1 hat (worn)
Jewellery
 k - a ring of wizardry (left tentacle)
 q - a ring of positive energy (right tentacle)
 x - a ring of resist corrosion (on tentacle)
 B - an uncursed ring of ice
 G - a +3 ring of intelligence (on tentacle)
Wands
 F - a wand of flame (18/48)
Scrolls
 c - 3 scrolls of amnesia {unknown}
 d - 7 scrolls of identify
 e - 2 scrolls of random uselessness {unknown}
 m - 2 scrolls of blinking {unknown}
 r - a scroll of magic mapping {unknown}
 v - a scroll of recharging {unknown}
 w - 2 scrolls of fog {unknown}
 y - a scroll of vulnerability {unknown}
 A - 2 scrolls of noise {unknown}
 C - a scroll of remove curse {unknown}
 E - 2 scrolls of enchant weapon {unknown}
 H - a scroll of immolation {unknown}
 I - a scroll of fear {unknown}
Potions
 h - 2 potions of magic {unknown}
 j - 2 potions of curing {unknown}
 o - 2 potions of flight {unknown}
 s - a potion of degeneration {unknown}
 t - 3 potions of brilliance {unknown}
 z - a potion of agility {unknown}
 K - a potion of haste
Books
 a - a book of Flames

   Spells                             Type                      Level
   a - Flame Tongue                   Conjuration/Fire             1
   b - Throw Flame                    Conjuration/Fire             2
   c - Conjure Flame                  Conjuration/Fire             3
   d - Inner Flame                    Hexes/Fire                   3
   e - Sticky Flame                   Conjuration/Fire             4
   f - Fireball                       Conjuration/Fire             5
Comestibles
 f - 2 royal jellies
 u - a fruit
 J - a meat ration


   Skills:
 - Level 0.2 Fighting
 - Level 2.0 Dodging
 - Level 3.0 Stealth
 + Level 6.4 Spellcasting
 * Level 8.1 Conjurations
 * Level 9.1 Fire Magic


You had 3 spell levels left.
You knew the following spells:

 Your Spells              Type           Power        Failure   Level  Hunger
a - Flame Tongue          Conj/Fire      #####        1%          1    None
b - Throw Flame           Conj/Fire      #####.       1%          2    None
c - Conjure Flame         Conj/Fire      #####...     1%          3    None
d - Sticky Flame          Conj/Fire      #####...     1%          4    ###....
e - Fireball              Conj/Fire      #####.....   2%          5    #####..
f - Searing Ray           Conj           #####.       1%          2    None


Dungeon Overview and Level Annotations

Branches:
Dungeon (8/15)             Temple (1/1) D:5
   Lair: D:8-11

Altars:
Ashenzari
Cheibriados
Elyvilon
Fedhas
Nemelex Xobeh
Qazlal
Ru
Trog
Vehumet
Xom
Yredelemnul

Shops:
D:4 ?   D:8 *


Innate Abilities, Weirdness & Mutations

You cannot wear most types of armour.
You are very stealthy in the water. (Stealth+)
You are amphibious.
You can wear up to eight rings at the same time.
You can use your tentacles to constrict eight enemies at once.
Your skin changes colour to match your surroundings (Stealth+).
Your rubbery body absorbs attacks. (AC +1, EV +1)


Message History

Casting: Flame Tongue
Confirm with . or Enter, or press ? or * to list all spells.
Aiming: Sticky Flame
Press: ? - help, Shift-Dir - straight line, f/p - big kobold
Aim: a big kobold, wearing a ring mail (heavily wounded, berserk, fast, unusually strong)
The sticky flame hits the big kobold.
The big kobold is heavily wounded.
The big kobold is covered in liquid flames!
The big kobold burns!
The big kobold hits you!
* * * LOW HITPOINT WARNING * * *
You feel much better.
The big kobold burns!
The big kobold hits you! The big kobold hits you.
* * * LOW HITPOINT WARNING * * *
As you read the scroll of teleportation, it crumbles to dust.
You feel strangely unstable.
The big kobold burns!
The big kobold hits you.
* * * LOW HITPOINT WARNING * * *
The big kobold burns!
The big kobold hits you!
* * * LOW HITPOINT WARNING * * *
The big kobold hits you!
You die...

......... #.
........ ## #.....>
+. #..... #. #....
#. ... #.
#.####.......##
#####(...#.......#
#.@##K...#.......+
#K..#....+.......#
#...#....#.......#
#..)'....#.......#
#..##....#.......#
#..####'##.......##
#..##....#∩........
#####....###'####..
#........'.........


You could see a big kobold (berserk).

Vanquished Creatures
  A gargoyle (D:7)
  A hungry ghost (D:7)
  A water moccasin (D:7)
  2 orc warriors
  An ice beast (D:6)
  A necrophage (D:8)
  A phantom (D:7)
  4 ogres
  2 centaurs
  2 big kobolds (D:7)
  3 bullfrogs (D:6)
  A jelly (D:8)
  A water moccasin skeleton (D:6)
  A killer bee (D:8)
  4 howler monkeys
  A crimson imp (D:3)
  A bullfrog skeleton (D:6)
  A gnoll shaman (D:6)
  2 hounds (D:6)
  5 orc priests
  Terence (D:2)
  2 iguanas
  4 orc wizards
  11 worker ants
  2 hound zombies
  A hound skeleton (D:7)
  2 worker ant zombies
  10 adders
  4 gnolls (D:6)
  A shadow imp (D:6)
  2 oozes
  2 worms
  A dart slug (D:4)
  25 orcs
  2 giant cockroaches (D:1)
  3 goblins
  4 hobgoblins
  3 jackals (D:3)
  A quokka (D:3)
  2 ball pythons
  4 bats
  6 frilled lizards
  A jackal skeleton (D:4)
  16 kobolds
  A quokka skeleton (D:6)
  3 rats
150 creatures vanquished.

Vanquished Creatures (others)
  12 fungi (D:8)
  5 plants
17 creatures vanquished.

Grand Total: 167 creatures vanquished

Notes
Turn   | Place    | Note
-------+----------+-------------------------------------------
     0 | D:1      | gobwax the Octopode Fire Elementalist began the quest for the Orb.
     0 | D:1      | Reached XP level 1. HP: 11/11 MP: 3/3
   165 | D:1      | Reached XP level 2. HP: 17/17 MP: 1/5
  1034 | D:2      | Reached XP level 3. HP: 21/21 MP: 2/6
  1091 | D:2      | Noticed Terence
  1110 | D:1      | Learned a level 2 spell: Throw Flame
  1114 | D:1      | Learned a level 3 spell: Conjure Flame
  1172 | D:2      | Killed Terence
  1182 | D:2      | Reached XP level 4. HP: 24/27 MP: 1/7
  1271 | D:2      | Reached skill level 4 in Fire Magic
  1737 | D:4      | Reached XP level 5. HP: 23/31 MP: 4/9
  2132 | D:3      | Found a shimmering altar of Xom.
  2336 | D:4      | Reached XP level 6. HP: 29/36 MP: 7/10
  2343 | D:4      | Learned a level 4 spell: Sticky Flame
  2417 | D:4      | Reached skill level 5 in Fire Magic
  2426 | D:4      | Found a blossoming altar of Fedhas.
  3300 | D:4      | Found Lepruef's Magic Scroll Emporium.
  3307 | D:4      | Bought a scroll of identify for 20 gold pieces
  3307 | D:4      | Bought a scroll of teleportation for 30 gold pieces
  3626 | D:5      | Entered Level 5 of the Dungeon
  3643 | D:5      | Reached XP level 7. HP: 41/41 MP: 6/12
  3708 | D:5      | Found a staircase to the Ecumenical Temple.
  3733 | Temple   | Entered the Ecumenical Temple
  3850 | Temple   | Became a worshipper of Vehumet
  4749 | D:5      | Reached skill level 6 in Fire Magic
  5503 | D:6      | Reached XP level 8. HP: 27/46 MP: 0/14
  5511 | D:6      | Reached skill level 5 in Conjurations
  6123 | D:6      | Reached skill level 7 in Fire Magic
  6400 | D:6      | Reached * piety under Vehumet
  6400 | D:6      | Offered knowledge of Freeze by Vehumet.
  6502 | D:6      | Learned a level 5 spell: Fireball
  6673 | D:6      | Reached skill level 5 in Spellcasting
  6778 | D:6      | Reached XP level 9. HP: 51/51 MP: 1/16
  7210 | D:7      | Reached skill level 8 in Fire Magic
  7943 | D:7      | Reached ** piety under Vehumet
  8075 | D:7      | Found a sparkling altar of Nemelex Xobeh.
  8175 | D:7      | Noticed a gargoyle
  8450 | D:7      | Killed a gargoyle
  8450 | D:7      | Offered knowledge of Searing Ray by Vehumet.
  8454 | D:7      | Learned a level 2 spell: Searing Ray
  8800 | D:8      | Found Odwyg's General Store.
  8993 | D:8      | Reached skill level 9 in Fire Magic
  9249 | D:8      | Mangled by a big kobold

Skill      XL: |  1  2  3  4  5  6  7  8  9 |
---------------+----------------------------+-----
Stealth        | 3 |  3.0
Fire Magic     | 4 5 6 7 9 |  9.1
Conjurations   | 2 3 4 6 8 |  8.1
Spellcasting   | 3 4 5 6 |  6.4
Fighting       | |  0.2
Dodging        | |  2.0

Action                   |  1- 3 |  4- 6 |  7- 9 || total
-------------------------+-------+-------+-------++-------
Melee: Unarmed           |    21 |       |       ||    21
       Constrict         |    10 |    13 |     8 ||    31
       Tentacles         |     4 |     5 |     3 ||    12
       Trident           |    16 |    66 |    71 ||   153
 Fire: Blowgun           |       |     4 |     6 ||    10
 Cast: Flame Tongue      |    26 |    19 |   154 ||   199
       Conjure Flame     |     2 |     3 |    10 ||    15
       Throw Flame       |       |     5 |    73 ||    78
       Sticky Flame      |       |     2 |    19 ||    21
       Fireball          |       |       |     2 ||     2
       Searing Ray       |       |       |     1 ||     1
  Use: Potion            |       |     2 |     1 ||     3
       Scroll            |       |       |     7 ||     7
 Stab: Sleeping          |     1 |     4 |     4 ||     9
       Distracted        |       |     1 |       ||     1
  Eat: Chunk             |       |     7 |    14 ||    21
       Fruit             |       |     1 |     2 ||     3
       Royal jelly       |       |       |     1 ||     1
       Bread ration      |       |       |     3 ||     3
Armor: Skin              |     2 |     2 |     6 ||    10
Dodge: Dodged            |    21 |    40 |    77 ||   138
